 Dungeon Crawl Stone Soup version 0.29-a0-284-gf9362112df (webtiles) character file.

Game seed: 9053647497694744521

24 silky the Cudgeller (level 2, -5/27 HPs)
             Began as a Minotaur Chaos Knight on Mar 31, 2022.
             Was a Plaything of Xom.
             Slain by an ice devil (8 damage)
             ... summoned by Xom
             ... on level 1 of the Dungeon.
             The game lasted 00:01:59 (687 turns).

silky the Cudgeller (Minotaur Chaos Knight)          Turns: 687, Time: 00:02:00

Health: -5/27      AC:  5    Str: 16      XL:     2   Next: 79%
Magic:  1/1        EV: 10    Int:  9      God:    Xom [......]
Gold:   68         SH:  2    Dex:  7 (9)  Spells: 1/1 levels left

rFire   . . .      SeeInvis .   a - +0 mace (chaos)
rCold   . . .      Faith    .   e - +0 buckler
rNeg    . . .      Spirit   .   g - +0 ring mail
rPois   .          Reflect  .   (helmet restricted)
rElec   .          Harm     .   (no cloak)
rCorr   .          Rampage  .   (no gloves)
Will    .....                   (no boots)
Stlth   ..........              (no amulet)
HPRegen 0.09/turn               (no ring)
MPRegen 0.07/turn               (no ring)

@: hasted, very quick
A: horns 2, retaliatory headbutt
a: Renounce Religion


You were on level 1 of the Dungeon.
You worshipped Xom.
You were a very special plaything of Xom.
You visited 1 branch of the dungeon, and saw 1 of its levels.

You collected 68 gold pieces.

Inventory:

Hand Weapons
 a - a +0 mace of chaos (weapon)
Armour
 e - a +0 buckler (worn)
 g - a +0 ring mail (worn)
Scrolls
 d - 3 scrolls of identify {unknown}
 h - a scroll of fear {unknown}
 j - a scroll of vulnerability {unknown}
 l - a scroll of noise {unknown}
Potions
 b - a potion of invisibility {unknown}
 f - a potion of haste
 i - a potion of mutation {unknown}
 k - a potion of curing {unknown}
Miscellaneous
 c - a piece from Xom's chessboard (15/15) (quivered)


   Skills:
 + Level 4.0 Fighting
 + Level 4.4 Maces & Flails
 + Level 2.6 Armour
 + Level 1.1 Dodging
 + Level 0.2 Shields


You had one spell level left.
You didn't know any spells.
Your spell library contained the following spells:

 Spells                   Type           Power      Damage    Failure   Level
 Pain                     Necr           0%         1d4       71%         1
 Agony                    Necr           0%         N/A       100%        5
 Excruciating Wounds      Necr           0%         N/A       100%        5


Dungeon Overview and Level Annotations

Branches:
Dungeon (1/15)

Altars:


Innate Abilities, Weirdness & Mutations

You have a pair of horns on your head.
You reflexively headbutt those who attack you in melee.


Message History

The jackal bites you but does no damage.
The jackal bites you.
You sock the jackal!
You kill the jackal!
A jackal comes into view.
You see here a jackal corpse.
The jackal barks!
You hit the jackal but do no damage.
The jackal seems to slow down.
The jackal closely misses you. You furiously retaliate!
You headbutt the jackal. You barely miss the jackal.
The jackal is lightly wounded.
The jackal bites you.
You closely miss the jackal. You headbutt the jackal.
You kill the jackal!
You see here a jackal corpse.
You see here a jackal corpse.
You see here a jackal corpse.
k - an inky potion You see here 24 stones.
You now have 68 gold pieces (gained 14).
l - a scroll labelled VEYTWAC FUBB "Fight to survive, mortal."
Unknown command.
You miss the quasit. The quasit bites you.
You feel clumsy. The quasit closely misses you.
The quasit claws you but does no damage.
You miss the quasit. The quasit closely misses you.
The quasit barely misses you. x2; The ice devil hits you.
The ice devil freezes you!!
Ouch! That really hurt!
* * * LOW HITPOINT WARNING * * *
The quasit bites you.
* * * LOW HITPOINT WARNING * * *
You feel clumsy. The quasit barely misses you. The quasit closely misses you.
Okay, then.
It was a potion of haste.
You feel yourself speed up. The ice devil hits you!
You die...

### #.# #.# #.######## #........#
#.######.# #.# #.# ########.#.
#.# #.# #.5@4...... #.# #.#
#.######.## #.# #.# #.#
##.######.# #.########
..........# #.#......#
##.######## #.#....#.#
.#.###########.####.#.#
.#.#(.................###########
.................##.##...........


You could see an ice devil (summoned) and a quasit (summoned).

Vanquished Creatures
  A dart slug (D:1)
  A giant cockroach (D:1)
  A goblin (D:1)
  4 hobgoblins (D:1)
  4 jackals (D:1)
  A quokka (D:1)
  A ball python (D:1)
  2 bats (D:1)
  2 kobolds (D:1)
  2 rats (D:1)
19 creatures vanquished.

Notes
Turn   | Place    | Note
-------+----------+-------------------------------------------
     0 | D:1      | silky the Minotaur Chaos Knight began the quest for the
                  | Orb.
     0 | D:1      | Reached XP level 1. HP: 19/19 MP: 0/0
   135 | D:1      | Reached XP level 2. HP: 19/27 MP: 1/1
   234 | D:1      | XOM: silly message
   283 | D:1      | XOM: silly message
   361 | D:1      | XOM: noise
   684 | D:1      | XOM: summons 2 hostile demons
   685 | D:1      | Noticed an ice devil
   687 | D:1      | Slain by an ice devil

Illustrated notes

Levels and vault maps discovered:
D:1:      dpeg_arrival_orchard, layout_basic

Skill      XL: |  1  2 |
---------------+-------+-----
Maces & Flails | 4 |  4.4
Fighting       | 4 |  4.0
Armour         | |  2.6
Dodging        | |  1.1
Shields        | |  0.2

Action                   || total
-------------------------++-------
Melee: Mace              ||    38
       Headbutt          ||     7
  Use: Potion            ||     1
Armor: Ring mail         ||    12
       Leather armour    ||     3
Dodge: Dodged            ||    28
Block: Buckler           ||     6

Table legend: (Time is in decaauts)
 A = Elapsed time spent in this place.
 B = Non-inter-level travel time spent in this place.
 C = Inter-level travel time spent in this place.
 D = Time resting spent in this place.
 E = Time spent auto-exploring this place.
 F = Levels seen in this place.
 G = Mean time per level.
                   A        B        C        D        E       F      G
               +--------+--------+--------+--------+--------+-----+--------+
         Total |    695 |    695 |      0 |      0 |    472 |   1 |  695.0 |
       Dungeon |    695 |    695 |      0 |      0 |    472 |   1 |  695.0 |
               +--------+--------+--------+--------+--------+-----+--------+

Top non-repeatable levels by time:
     D:1: 695 daAuts
